 Dungeon Crawl Stone Soup version 0.17.0-22-g5edae84 (console) character file.

116724 nht the Deadly Accurate (level 15, -1/126 HPs)
             Began as a Demigod Hunter on Nov 12, 2015.
             Slain by a sphinx (12 damage)
             ... summoned by Kirke
             ... on level 6 of the Lair of Beasts.
             The game lasted 01:17:04 (32738 turns).

nht the Deadly Accurate (Demigod Hunter)           Turns: 32738, Time: 01:17:04

Health: -1/126     AC:  0    Str: 25    XL:     15   Next: 74%
Magic:  18/18      EV: 16    Int: 15    God:
Gold:   1456       SH:  0    Dex: 16    Spells: 0 memorised, 14 levels left

rFire  . . .     SeeInvis .     (weapon currently unavailable)
rCold  . . .     Clarity  .     (armour currently unavailable)
rNeg   . . .     SustAt   +     (shield currently unavailable)
rPois  .         Gourm    .     (helmet currently unavailable)
rElec  .         Spirit   .     (cloak currently unavailable)
rCorr  .         Warding  .     (gloves currently unavailable)
rMut   +         Stasis   .     (boots currently unavailable)
MR     +....                    U - amulet of resist mutation
Stlth  ++........               (ring currently unavailable)
                                (ring currently unavailable)

@: pig-form, very quick, somewhat resistant to hostile enchantments, unstealthy
A: high mp 1, sense surroundings 1, wild magic 1, sustain attributes
a: no special abilities


You were on level 6 of the Lair of Beasts.
You were not hungry.
You were a filthy swine.
You visited 3 branches of the dungeon, and saw 25 of its levels.
You also visited: Sewer, Ossuary and Volcano.

You collected 3168 gold pieces.
You spent 1712 gold pieces at shops.

Inventory:

Hand Weapons
 a - a +1 quarterstaff of crushing (melded)
 b - a +0 blowgun
Missiles
 l - 71 poisoned needles
 r - 2 steel tomahawks (quivered)
 y - 14 tomahawks
Armour
 i - a +1 helmet (melded)
 u - a +0 pair of boots (melded)
 D - the +1 cloak "Agoamiru" (melded) {Int+6 Slay+3}
   (You found it on level 8 of the Dungeon)

   It affects your intelligence (+6).
   It affects your accuracy and damage with ranged weapons and melee attacks
   (+3).
 I - a +3 plate armour (melded)
 M - a +0 pair of gloves of fire resistance (melded)
Jewellery
 d - an uncursed ring of positive energy
 v - a +6 ring of evasion (melded)
 w - an uncursed ring of protection from fire
 C - an uncursed ring of protection from cold
 U - an amulet of resist mutation (around neck)
 Y - a ring of poison resistance (melded)
Wands
 B - a wand of confusion (24)
 F - a wand of teleportation (6)
 G - a wand of teleportation (4)
 K - a wand of teleportation (3)
Scrolls
 k - a scroll of recharging
 p - 6 scrolls of fog
 s - 16 scrolls of identify
 x - 4 scrolls of teleportation
 z - 2 scrolls of enchant armour
 E - 5 scrolls of enchant weapon
 H - 2 scrolls of brand weapon
 J - 8 scrolls of remove curse
 L - 3 scrolls of silence
 N - 2 scrolls of blinking
 P - 4 scrolls of immolation
 Q - 2 scrolls of magic mapping
 R - a scroll of fear
Potions
 c - a potion of cancellation
 f - 3 potions of agility
 g - 5 potions of curing
 j - 9 potions of heal wounds
 o - a potion of might
 q - 7 potions of flight
 t - 2 potions of brilliance
 Z - 2 potions of resistance
Comestibles
 e - 15 bread rations
 h - 10 slices of pizza
 m - 4 beef jerkies
 n - 15 meat rations
 A - 21 fruits
 O - 2 chunks of flesh
 T - a royal jelly


   Skills:
 + Level 9.9 Fighting
 - Level 14.0 Staves
 * Level 15.7 Throwing
 + Level 9.9 Armour
 - Level 4.0 Dodging
 - Level 0.8 Stealth


You had 14 spell levels left.
You didn't know any spells.

Dungeon Overview and Level Annotations

Branches:
Dungeon (15/15)            Temple (0/1) D:7            Lair (6/8) D:9
  Swamp (0/4) Lair:6        Snake (0/4) Lair:5          Orc (4/4) D:10
    Elf (0/3) Orc:4        Vaults (0/5) D:14         Depths (0/5) D:15
  Slime: Lair:6-8

Shops:
D:4 *   D:6 (   D:11 [   D:15 !   Orc:2 [   Orc:3 (   Orc:4 %

Annotations:
Lair:6 Kirke


Innate Abilities, Weirdness & Mutations

You have an increased reservoir of magic (+10% MP).
Your attributes are resistant to harm.
You passively map a small area around you.
Your spells are a little harder to cast, but a little more powerful.


Message History

The sphinx completely misses you. The hog misses you. Kirke closely misses you.
You barely miss Kirke.
Kirke is lightly wounded.
The sphinx hits you!! The sphinx hits you. The sphinx closely misses you.
The hog barely misses you. Kirke hits you!
* * * LOW HITPOINT WARNING * * *
You hit Kirke.
Kirke is moderately wounded.
The sphinx hits you.
* * * LOW HITPOINT WARNING * * *
The sphinx closely misses you. The sphinx hits you.
* * * LOW HITPOINT WARNING * * *
The hog completely misses you. The hog barely misses you. Kirke hits you.
* * * LOW HITPOINT WARNING * * *
You hit Kirke but do no damage.
Kirke is lightly wounded.
The hog misses you. The sphinx hits you!
* * * LOW HITPOINT WARNING * * *
The sphinx hits you!
You die... █ ████

██.█............P.. █
█...█.........█....
█..█..█......█.....
██.█.............<.
*█.P..P█.....P.█...
*..P..███....███...
██....███.P....███..
.█.P.██.....███....
*█.......█....██P...
█..h.(......█.█....
█.h@(█............†
█.hH........█......
██.P...............
█..................
██................. ██*██
█........÷...P...█ *
█.██.████.......██÷█P...P.
,.█..............PP.███.....
............█PPP...█.█.....
.............PPP...........
,.........h................[


You could see Kirke, a sphinx and 2 hogs.

Vanquished Creatures
  Rupert (D:12)
  Frances (D:14)
  Maud (D:12)
  Nessos (D:12)
  An ettin (Orc:4)
  Snorg (Lair:6)
  A vault guard (D:14)
  Josephine (Orc:3)
  A yaktaur captain (D:15)
  A rakshasa (D:14)
  Harold (Orc:1)
  5 hydras
  Erolcha (D:9)
  An ogre mage (D:15)
  Erica (Lair:1)
  A catoblepas (D:15)
  2 centaur warriors
  2 tengu warriors (D:14)
  Urug (D:11)
  An unseen horror (D:15)
  A lindwurm (Lair:6)
  10 hill giants
  3 orc knights
  11 ugly things
  A griffon (Lair:4)
  A wizard (D:14)
  2 cyclopes
  5 manticores
  4 orc sorcerers
  8 elephants (Lair:5)
  2 guardian serpents (D:10)
  Maurice (D:12)
  6 black mambas
  A centaur zombie (D:14)
  Psyche (D:9)
  A centaur skeleton (D:12)
  2 gargoyles
  5 spiny frogs
  A kobold demonologist (D:15)
  2 fire drakes
  7 trolls
  2 komodo dragons
  A polar bear (Lair:2)
  A freezing wraith (D:15)
  2 two-headed ogres
  Grinder (D:3)
  21 blink frogs
  6 wraiths
  Sigmund (D:3)
  A hill giant zombie (D:10)
  3 deep elf fighters
  19 yaks
  5 deep elf magi
  11 hippogriffs
  2 shadows
  4 basilisks
  4 wyverns
  5 hogs
  2 hungry ghosts (D:10)
  3 vampire mosquitoes (D:14)
  11 wolves (Lair:3)
  2 wargs
  A steam dragon (Lair:5)
  3 mottled dragons
  A swamp worm (Lair:6)
  10 water moccasins
  14 porcupines
  A soldier ant (D:13)
  Duvessa (D:5)
  24 orc warriors
  A wasp (D:13)
  2 black bears
  2 ice beasts
  2 phantoms
  9 ogres
  2 eyes of draining (D:14)
  A necrophage (D:9)
  A sky beast (D:7)
  9 centaurs
  9 big kobolds
  17 crocodiles
  21 giant frogs
  A wyvern zombie (D:10)
  Dowan (D:5)
  A water moccasin zombie (D:5)
  A wyvern skeleton (D:13)
  2 scorpions
  9 killer bees
  2 troll zombies (D:10)
  3 wights (D:7)
  3 electric eels (Lair:3)
  10 crimson imps
  6 giant frog skeletons
  3 quasits
  2 giant frog zombies
  6 jellies
  Crazy Yiuf (D:5)
  10 iguanas
  29 orc priests
  34 orc wizards
  10 hounds
  8 worker ants
  A killer bee zombie (D:9)
  5 ogre zombies (D:10)
  15 sheep
  2 big kobold zombies (Ossuary)
  8 mummies (Ossuary)
  8 gnolls
  15 adders
  51 river rats
  2 shadow imps
  2 oozes (Sewer)
  An adder zombie (D:9)
  An adder skeleton (D:8)
  4 worms
  4 giant geckos
  153 orcs
  8 giant cockroaches
  A gnoll zombie (Ossuary)
  8 goblins
  9 hobgoblins
  8 jackals
  7 quokkas
  3 ball pythons
  12 bats
  6 giant newts
  5 goblin zombies (D:10)
  A hobgoblin skeleton (D:10)
  4 hobgoblin zombies
  29 kobolds
  A kobold zombie (Ossuary)
  2 orc skeletons (D:10)
  17 orc zombies
  9 rats
  A fungus (Lair:3)
  A plant (Lair:4)
885 creatures vanquished.

Vanquished Creatures (collateral kills)
  A jelly (D:7)
1 creature vanquished.

Vanquished Creatures (others)
  A centaur (Volcano)
  An iguana (D:12)
  2 gnolls (D:5)
  A kobold (D:15)
  2 quokkas
  13 fungi
  12 plants
32 creatures vanquished.

Grand Total: 918 creatures vanquished

Notes
Turn   | Place    | Note
--------------------------------------------------------------
     0 | D:1      | nht the Demigod Hunter began the quest for the Orb.
     0 | D:1      | Reached XP level 1. HP: 17/17 MP: 3/3
   110 | D:1      | Reached skill level 4 in Throwing
   247 | D:1      | Reached XP level 2. HP: 15/24 MP: 4/4
   996 | D:2      | Reached XP level 3. HP: 21/29 MP: 5/5
  1063 | D:2      | Reached skill level 5 in Throwing
  1065 | D:2      | Found a faded altar to an unknown god.
  1628 | D:2      | Reached XP level 4. HP: 36/36 MP: 6/6
  1793 | D:3      | Found a glowing drain.
  1801 | Sewer    | Entered a sewer
  1950 | Sewer    | Noticed a big kobold
  1965 | Sewer    | Killed a big kobold
  1965 | Sewer    | Reached skill level 6 in Throwing
  1965 | Sewer    | Reached XP level 5. HP: 41/41 MP: 7/7
  2223 | Sewer    | Noticed a big kobold
  2226 | Sewer    | Noticed a big kobold
  2240 | Sewer    | Killed a big kobold
  2250 | Sewer    | Killed a big kobold
  2250 | Sewer    | Reached XP level 6. HP: 39/48 MP: 8/8
  2285 | Sewer    | Reached skill level 7 in Throwing
  2566 | D:3      | Noticed Grinder
  2575 | D:3      | Paralysed by Grinder for 2 turns
  2605 | D:3      | Killed Grinder
  2655 | D:3      | Reached XP level 7. HP: 53/53 MP: 9/9
  2891 | D:3      | Noticed Sigmund
  2893 | D:3      | Killed Sigmund
  3330 | D:4      | Found Vazarusm's Assorted Antiques.
  3336 | D:4      | Bought a murky red potion for 23 gold pieces
  3336 | D:4      | Bought a scroll labeled FOGGIOSIRCH for 26 gold pieces
  3336 | D:4      | Bought a fizzy orange potion for 23 gold pieces
  3448 | D:4      | Reached skill level 5 in Staves
  4015 | D:5      | Entered Level 5 of the Dungeon
  4125 | D:5      | Noticed Duvessa
  4125 | D:5      | Noticed Dowan
  4143 | D:5      | Killed Duvessa
  4151 | D:5      | Killed Dowan
  4189 | D:5      | Reached XP level 8. HP: 56/60 MP: 10/10
  4347 | D:5      | Noticed Crazy Yiuf
  4352 | D:5      | Killed Crazy Yiuf
  4628 | D:5      | Found a sacrificial altar of Ru.
  5063 | D:5      | Reached skill level 8 in Staves
  5684 | D:6      | Found a glowing silver altar of Zin.
  5776 | D:6      | Found Siak's Antique Weapon Boutique.
  5779 | D:6      | Bought a glowing quarterstaff for 104 gold pieces
  6002 | D:7      | Reached skill level 9 in Staves
  6193 | D:7      | Reached XP level 9. HP: 61/67 MP: 11/11
  6249 | D:7      | Reached skill level 10 in Staves
  6637 | D:7      | Found a staircase to the Ecumenical Temple.
  6780 | D:8      | Found a sand-covered staircase.
  6787 | Ossuary  | Entered an ossuary
  7321 | D:8      | Reached skill level 11 in Staves
  7418 | D:8      | Found a white marble altar of Elyvilon.
  7818 | D:6      | Bought a translucent dire flail for 234 gold pieces
  7818 | D:6      | Identified the +1 dire flail of Incongruity {holy, *Rage rF+ Int+3 Stlth+} (You bought it in a shop on level 6 of the Dungeon)
  8088 | D:8      | Got a steaming cloak
  8094 | D:8      | Noticed a three-headed hydra
  8123 | D:8      | Killed a three-headed hydra
  8123 | D:8      | Reached skill level 12 in Staves
  8123 | D:8      | Reached XP level 10. HP: 46/73 MP: 13/13
  8343 | D:8      | Found a shadowy altar of Dithmenos.
  8615 | D:9      | Found a staircase to the Lair.
  8920 | D:9      | Noticed Erolcha
  8933 | D:9      | Killed Erolcha
  8933 | D:9      | Reached skill level 13 in Staves
  9227 | D:9      | Noticed Psyche
  9274 | D:9      | Killed Psyche
  9793 | Lair:1   | Entered Level 1 of the Lair of Beasts
  9986 | Lair:1   | Noticed Erica
  9992 | Lair:1   | Gained mutation: Your spells are a little harder to cast, but a little more powerful. [potion of mutation]
  9992 | Lair:1   | Gained mutation: You passively map a small area around you. [potion of mutation]
 10000 | Lair:1   | Killed Erica
 10629 | Lair:1   | Reached skill level 14 in Staves
 11171 | Lair:2   | Reached skill level 1 in Armour
 11634 | Lair:2   | Reached XP level 11. HP: 79/79 MP: 14/14
 12431 | Lair:2   | this character sucks
 13636 | Lair:3   | Noticed a five-headed hydra
 13644 | Lair:3   | Killed a five-headed hydra
 14966 | Lair:2   | Identified the +1 cloak "Agoamiru" {Int+6 Slay+3} (You found it on level 8 of the Dungeon)
 15989 | Lair:4   | Reached XP level 12. HP: 38/93 MP: 15/15
 16132 | Lair:3   | Reached skill level 10 in Throwing
 16509 | Lair:4   | Reached skill level 5 in Fighting
 17114 | Lair:4   | Noticed a five-headed hydra
 17126 | Lair:4   | Killed a five-headed hydra
 17126 | Lair:4   | Reached skill level 5 in Armour
 17174 | Lair:5   | Found a staircase to the Snake Pit.
 18878 | Lair:6   | Noticed Snorg
 19120 | Lair:6   | Killed Snorg
 19497 | Lair:6   | Noticed Kirke
 19700 | D:10     | Entered Level 10 of the Dungeon
 19836 | D:10     | Reached XP level 13. HP: 102/104 MP: 16/16
 19912 | D:10     | Found a staircase to the Orcish Mines.
 20697 | Orc:1    | Entered Level 1 of the Orcish Mines
 20697 | Orc:1    | Noticed Harold
 20730 | Orc:1    | Killed Harold
 21008 | Orc:1    | You fall through a shaft!
 21077 | Orc:2    | Found Kopt's Antique Armour Boutique.
 21088 | Orc:2    | Found a dark tunnel.
 21093 | Volcano  | Entered a volcano
 21810 | Orc:2    | Found a roughly hewn altar of Beogh.
 22280 | Orc:2    | Bought a runed helmet for 112 gold pieces
 22924 | Orc:3    | Found Vufiyxt's Weapon Shop.
 22926 | Orc:3    | Noticed Josephine
 22939 | Orc:3    | Killed Josephine
 23176 | Orc:3    | Found a roughly hewn altar of Beogh.
 23557 | Orc:4    | Entered Level 4 of the Orcish Mines
 24068 | Orc:4    | Found a staircase to the Elven Halls.
 24068 | Orc:4    | Found Malemodo's Food Boutique.
 24929 | Orc:4    | Found a radiant altar of Vehumet.
 25154 | D:11     | Noticed Urug
 25180 | D:11     | Killed Urug
 25265 | D:11     | Found a white marble altar of Elyvilon.
 25525 | D:11     | Found Nadoggul's Armour Boutique.
 25656 | D:12     | Noticed Nessos
 25843 | D:12     | Killed Nessos
 26024 | D:12     | Noticed Maud
 26030 | D:12     | Noticed Rupert
 26030 | D:12     | Paralysed by Rupert for 6 turns
 26122 | D:12     | didn't realise this was nethack now
 26123 | D:12     | Noticed Maurice
 26667 | D:12     | Killed Maurice
 26747 | D:12     | Killed Rupert
 27043 | D:12     | Killed Maud
 27043 | D:12     | Reached XP level 14. HP: 70/116 MP: 17/17
 27999 | D:14     | Noticed Frances
 28350 | D:14     | Killed Frances
 28815 | D:14     | Found a shadowy altar of Dithmenos.
 28898 | D:15     | Entered Level 15 of the Dungeon
 30622 | D:15     | Found Oraf's Distillery.
 30628 | D:15     | Bought a potion of might for 68 gold pieces
 30628 | D:15     | Bought a potion of heal wounds for 85 gold pieces
 30628 | D:15     | Bought a potion of experience for 850 gold pieces
 30628 | D:15     | Bought a potion of curing for 51 gold pieces
 30628 | D:15     | Bought a potion of agility for 68 gold pieces
 30628 | D:15     | Bought a potion of agility for 68 gold pieces
 30628 | D:15     | Reached skill level 15 in Throwing
 30628 | D:15     | Reached XP level 15. HP: 110/125 MP: 18/18
 31651 | D:15     | Found a staircase to the Depths.
 32095 | D:14     | Paralysed by an orc sorcerer for 2 turns
 32097 | D:14     | Found a gate to the Vaults.
 32730 | Lair:6   | Noticed a sphinx
 32738 | Lair:6   | Slain by a sphinx

Action                   |  1- 3 |  4- 6 |  7- 9 | 10-12 | 13-15 || total
-------------------------+-------+-------+-------+-------+-------++-------
Melee: Short sword       |   129 |    90 |       |       |       ||   219
       Quarterstaff      |       |    21 |   594 |   938 |  1670 ||  3223
       Unarmed           |       |       |       |       |    12 ||    12
 Fire: Blowgun           |       |    66 |       |       |       ||    66
Throw: Javelin           |    27 |    27 |    35 |    36 |    66 ||   191
       Throwing net      |     2 |     1 |     7 |     5 |     1 ||    16
       Tomahawk          |       |       |     3 |   243 |    73 ||   319
Evoke: Wand              |       |       |     6 |     9 |       ||    15
  Use: Potion            |     1 |       |    13 |    15 |     8 ||    37
       Scroll            |       |     5 |    14 |     1 |    14 ||    34
 Stab: Sleeping          |     1 |       |       |       |       ||     1
       Held in net/web   |     1 |       |     4 |     5 |     1 ||    11
       Invisible         |       |       |     1 |     5 |       ||     6
       Distracted        |       |       |     1 |       |     1 ||     2
       Paralysed         |       |       |     1 |       |       ||     1
  Eat: Chunk             |     2 |     4 |    15 |    35 |    42 ||    98
       Fruit             |       |       |     2 |     2 |     7 ||    11
       Pizza             |       |       |       |     1 |       ||     1
